 Dungeon Crawl Stone Soup version 0.24.0-1-gfbc8707122 (webtiles) character file.

Game seed: 8354783777029381282, levelgen mode: deterministic

310 Arixos the Gusty (level 6, -2/39 HPs)
             Began as an Octopode Air Elementalist on Oct 28, 2019.
             Slain by Pikel
             ... wielding a +2 whip of flaming
              (7 damage)
             ... on level 5 of the Dungeon.
             The game lasted 00:18:41 (4527 turns).

Arixos the Gusty (Octopode Air Elementalist)        Turns: 4527, Time: 00:18:41

Health: -2/39      AC:  1    Str:  7    XL:     6   Next: 41%
Magic:  9/11       EV: 14    Int: 19    God:
Gold:   110        SH:  0    Dex: 13    Spells: 2/12 levels left

rFire    . . .     SeeInvis .   a - +1 dagger (venom)
rCold    . . .     Gourm    .   (no shield)
rNeg     . . .     Faith    .   (helmet restricted)
rPois    .         Spirit   .   (no amulet)
rElec    .         Reflect  .   (no ring)
rCorr    .         Harm     .   (no ring)
MR       .....                  (no ring)
Stlth    +++.......             (no ring)
HPRegen  0.13/turn              (no ring)
MPRegen  0.12/turn              (no ring)
                                (no ring)
                                (no ring)

@: no status effects
A: almost no armour, stealthy swim, amphibious, 8 rings, constrict 8, camouflage
1, gelatinous body 1
a: no special abilities


You were on level 5 of the Dungeon.
You were not hungry.

You visited 1 branch of the dungeon, and saw 5 of its levels.

You collected 110 gold pieces.

Inventory:

Hand Weapons
 a - a +1 dagger of venom (weapon)
Missiles
 g - 18 poisoned darts (quivered)
Scrolls
 c - 2 scrolls of noise
 e - a scroll of fog {unknown}
 f - a scroll of amnesia {unknown}
 j - a scroll of enchant weapon {unknown}
 k - a scroll of teleportation {unknown}
 l - 5 scrolls of identify {unknown}
 m - a scroll of random uselessness {unknown}
Potions
 h - a potion of might {unknown}
 n - a potion of berserk rage
 p - 3 potions of curing {unknown}
Comestibles
 b - 5 rations


   Skills:
 + Level 2.0 Fighting
 + Level 3.0 Dodging
 - Level 2.6 Stealth
 * Level 3.7 Spellcasting
 * Level 2.8 Conjurations
 * Level 4.1 Air Magic


You had 2 spell levels left.
You knew the following spells:

 Your Spells              Type           Power        Failure   Level  Hunger
a - Shock                 Conj/Air       ###.         3%          1    None
s - Airstrike             Air            ###.......   26%         4    ####...
A - Lightning Bolt        Conj/Air       ###.......   67%         5    ######.

Your spell library contained the following spells:

 Spells                   Type           Power        Failure   Level  Hunger
 Swiftness                Chrm/Air       ##......     10%         2    ##.....
 Static Discharge         Conj/Air       ###.....     11%         3    ###....


Dungeon Overview and Level Annotations

Branches:
Dungeon (5/15)
 Temple: D:4-7

Altars:
The Shining One

Annotations:
D:4 Purgy
D:5 Pikel


Innate Abilities, Weirdness & Mutations

You cannot wear most types of armour.
You are very stealthy in the water. (Stealth+)
You are amphibious.
You can wear up to eight rings at the same time.
You can use your tentacles to constrict eight enemies at once.
Your skin changes colour to match your surroundings (Stealth+).
Your rubbery body absorbs attacks. (AC +1, EV +1)


Message History

Pikel burns you.
You release your grip on Pikel.
A hound comes into view.
The hound barks!
Pikel barely misses you.
A quokka comes into view.
Found 23 sling bullets.
You hit the quokka.
The quokka is poisoned.
You grab the quokka.
The quokka is moderately wounded.
You constrict the quokka. The quokka bites you.
Pikel hits you with a +2 whip of flaming!
* * * LOW HITPOINT WARNING * * *
Pikel burns you.
* * * LOW HITPOINT WARNING * * *
The quokka bites you.
* * * LOW HITPOINT WARNING * * *
You barely miss the quokka. You squeeze the quokka.
You kill the quokka!
Pikel hits you with a +2 whip of flaming!
You die...

##. ..# .)# .. . .#
.# ### ##.##.#
##... #.....#
#.....#######...###
#.(...†@Kh......#
#.....######....#
##... #........ ##.
#..#.#### # #..#.#
...... ####.#. . #.


You could see Pikel and a hound.

Vanquished Creatures
  An orc priest (D:4)
  Jessica (D:2)
  A worker ant (D:4)
  A hound skeleton (D:4)
  Robin (D:3)
  5 gnolls
  3 adders
  An ooze (D:2)
  2 dart slugs
  4 leopard geckos
  10 orcs
  6 giant cockroaches
  16 goblins
  15 hobgoblins
  12 kobolds
  4 quokkas
  A ball python (D:1)
  10 bats
  7 frilled lizards
  A quokka skeleton (D:4)
  9 rats
111 creatures vanquished.

Notes
Turn   | Place    | Note
-------+----------+-------------------------------------------
     0 | D:1      | Arixos the Octopode Air Elementalist began the quest for
                  | the Orb.
     0 | D:1      | Reached XP level 1. HP: 11/11 MP: 3/3
   380 | D:1      | Reached XP level 2. HP: 18/18 MP: 0/5
  1019 | D:1      | Reached XP level 3. HP: 22/22 MP: 0/6
  1545 | D:2      | Found a glowing golden altar of the Shining One.
  1551 | D:2      | Noticed Jessica
  1561 | D:2      | Killed Jessica
  1561 | D:2      | Reached skill level 1 in Fighting
  1561 | D:2      | Reached XP level 4. HP: 28/28 MP: 0/8
  2067 | D:2      | Reached XP level 5. HP: 29/33 MP: 0/9
  2160 | D:1      | Learned a level 5 spell: Lightning Bolt
  2165 | D:1      | Learned a level 4 spell: Airstrike
  3503 | D:3      | Noticed Robin
  3510 | D:3      | Killed Robin
  4023 | D:4      | Reached XP level 6. HP: 39/39 MP: 2/11
  4137 | D:4      | Reached skill level 4 in Air Magic
  4421 | D:4      | Noticed Purgy
  4469 | D:4      | Noticed a slave
  4469 | D:4      | HP: 1/39 [Purgy (1)]
  4471 | D:4      | Noticed Pikel
  4472 | D:4      | Noticed a slave
  4480 | D:4      | Noticed a slave
  4480 | D:4      | Noticed a slave
  4511 | D:5      | Entered Level 5 of the Dungeon
  4527 | D:5      | Slain by Pikel

Levels and vault maps discovered:
D:1:      dpeg_arrival_morbid_curiosity, layout_basic
D:2:      layout_rooms, nicolae_overflow_crystal_walls, minmay_tromino_v7,
          uniq_jessica
D:3:      layout_loops_ring, corexii_item_surrounded_by_moat,
          grunt_ministairs_7, uniq_robin
D:4:      layout_rooms, first_ration, uniq_pikel, uniq_purgy
D:5:      layout_loops_ring

Skill      XL: |  1  2  3  4  5  6 |
---------------+-------------------+-----
Fighting       | 1 2 |  2.0
Spellcasting   | 3 |  3.7
Conjurations   | 2 |  2.8
Dodging        | 3 |  3.0
Air Magic      | 4 |  4.1
Stealth        | |  2.6

Action                   |  1- 3 |  4- 6 || total
-------------------------+-------+-------++-------
Melee: Constrict         |     2 |     6 ||     8
       Unarmed           |     2 |     2 ||     4
       Tentacles         |     2 |     4 ||     6
       Dagger            |       |    16 ||    16
Throw: Dart              |       |     3 ||     3
 Cast: Shock             |    65 |   180 ||   245
  Use: Scroll            |       |     3 ||     3
       Potion            |       |     3 ||     3
  Eat: Chunk             |     2 |     9 ||    11
Armor: Skin              |       |    10 ||    10
Dodge: Dodged            |     3 |    62 ||    65
